 Dungeon Crawl Stone Soup version 0.16-a0-223-g37887f7 (webtiles) character file.

96 Herrn the Ruinous (level 4, 3/27 HPs)
             Began as an Octopode Conjurer on Aug 20, 2014.
             Quit the game on Level 2 of the Dungeon.
             The game lasted 00:10:27 (2268 turns).

Herrn the Ruinous (Octopode Conjurer)               Turns: 2268, Time: 00:10:27

HP   3/27        AC  1     Str  7      XL: 4   Next: 67%
MP   0/8         EV 12     Int 22      God:
Gold 155         SH  0     Dex 13      Spells:  3 memorised,  2 levels left

rFire  . . .     SeeInvis .     (no weapon)
rCold  + . .     Clarity  .     (no shield)
rNeg   . . .     rCorr    .     (helmet restricted)
rPois  .         rRot     .     (no amulet)
rElec  .         Spirit   .     n - ring of protection from cold
SustAb .         Warding  .     (no ring)
rMut   .         Stasis   .     (no ring)
Gourm  .                        (no ring)
MR     .....                    (no ring)
                                (no ring)
                                (no ring)
                                (no ring)

@: brilliant, lethally poisoned, about to teleport, not resistant to hostile
enchantments, fairly stealthy
A: almost no armour, amphibious, 8 rings, constrict 8, camouflage 1, gelatinous
body 1
a: no special abilities


You were on level 2 of the Dungeon.
You were hungry.

You visited 1 branch of the dungeon, and saw 3 of its levels.

You collected 155 gold pieces.

Inventory:

Comestibles
 b - 2 bread rations
 j - a beef jerky
Scrolls
 d - a scroll of identify
 e - 2 scrolls of magic mapping
 f - a scroll of blinking {unknown}
 i - a scroll of fog
 l - a scroll of enchant weapon {unknown}
 m - 3 scrolls of enchant armour {unknown}
 p - a scroll of noise {unknown}
Jewellery
 n - a ring of protection from cold (left tentacle)
Books
 c - a book of Conjurations

   Spells                             Type                      Level
   *Magic Dart                        Conjuration                  1
   *Searing Ray                       Conjuration                  2
   *Dazzling Spray                    Conjuration/Hexes            3
   Fulminant Prism                    Conjuration/Hexes            4
   Iskenderun's Mystic Blast          Conjuration                  4
   Iskenderun's Battlesphere          Conjuration/Charms           5


   Skills:
 + Level 2.1 Dodging
 - Level 2.6 Stealth
 * Level 2.9 Spellcasting
 + Level 5.3 Conjurations


You had 2 spell levels left.
You knew the following spells:

 Your Spells              Type           Power        Failure   Level  Hunger
a - Magic Dart            Conj           ####         1%          1    None
b - Searing Ray           Conj           #####.       1%          2    ##.....
c - Dazzling Spray        Conj/Hex       ####....     1%          3    ###....


Dungeon Overview and Level Annotations

Branches:
Dungeon (3/15)

Altars:
The Shining One

Annotations:
D:2 Ijyb


Innate Abilities, Weirdness & Mutations

You cannot wear most types of armour.
You are amphibious.
You can wear up to eight rings at the same time.
You can use your tentacles to constrict many enemies at once.
Your skin changes colour to match your surroundings (Stealth).
Your rubbery body absorbs attacks (AC +1).


Message History

* * * LOW HITPOINT WARNING * * *
Drink which item? (? for menu, Esc to quit)
You feel better. The adder bites you. The adder bites you.
* * * LOW HITPOINT WARNING * * *
Read which item? (? for menu, Esc to quit)
As you read the scroll labeled WIUMOUT ZACORYNK, it crumbles to dust.
The scroll dissolves into smoke.
It was a scroll of fog.
The adder barely misses you.
Your magical contamination has completely faded away.
Read which item? (? for menu, Esc to quit)
As you read the scroll labeled YRAMNIACWUO, it crumbles to dust.
You feel strangely unstable.
It was a scroll of teleportation.
The adder bites you.
* * * LOW HITPOINT WARNING * * *
You are lethally poisoned!
The adder poisons you!
Read which item? (? for menu, Esc to quit)
Okay, then.
Unknown command.
Are you sure you want to abandon this character and quit the game? (Confirm with "yes".)

####♣♣ ##### ##....♣♣ ♣♣#..)#
#§§§...♣♣♣♣.....# ####
#§§§....♣.)♣#...# ...#
#@#....♣.♣♣♣##### ##.#
###S###♣♣♣♣♣ #.# #..g§# #.#
##....###### ##### #.#
#..........######....
#)##########....................
#..................#############
#########.........######........
##.## ###.#..>...........#######


You could see Ijyb and an adder.

Vanquished Creatures
  Crazy Yiuf (D:2)
  2 adders (D:2)
  A worm (D:2)
  2 giant geckos
  A giant cockroach (D:1)
  3 hobgoblins
  6 jackals (D:1)
  7 bats
  A giant newt (D:1)
  8 goblins
  9 kobolds
  2 rats (D:1)
43 creatures vanquished.

Notes
Turn   | Place    | Note
--------------------------------------------------------------
     0 | D:1      | Herrn, the Octopode Conjurer, began the quest for the Orb.
     0 | D:1      | Reached XP level 1. HP: 11/11 MP: 3/3
   166 | D:1      | Reached XP level 2. HP: 17/17 MP: 2/4
   986 | D:1      | Reached XP level 3. HP: 21/21 MP: 2/6
  1484 | D:2      | Found a glowing golden altar of the Shining One.
  1564 | D:2      | Noticed Crazy Yiuf
  1575 | D:2      | Killed Crazy Yiuf
  1575 | D:2      | Reached skill level 5 in Conjurations
  1575 | D:2      | Reached XP level 4. HP: 27/27 MP: 0/8
  1748 | D:2      | Learned a level 2 spell: Searing Ray
  1752 | D:2      | Learned a level 3 spell: Dazzling Spray
  2242 | D:3      | Noticed Ijyb
  2268 | D:2      | Quit the game

Action                   |  1- 3 |  4- 6 || total
-------------------------+-------+-------++-------
Melee: Unarmed           |     9 |     4 ||    13
 Cast: Magic Dart        |    65 |    27 ||    92
       Searing Ray       |       |     2 ||     2
  Use: Scroll            |     4 |     2 ||     6
       Potion            |     1 |     2 ||     3
  Eat: Chunk             |     2 |     2 ||     4
